 Dungeon Crawl Stone Soup version 0.23.2-33-g5129a83184 (webtiles) character file.

Game seed: 495599510686360803

448 Meegle the Magician (level 6, -2/32 HPs)
             Began as a Deep Elf Fire Elementalist on June 27, 2019.
             Slain by an orc priest
             ... wielding a +0 morningstar
              (12 damage)
             ... on level 5 of the Dungeon.
             The game lasted 00:11:39 (4154 turns).

Meegle the Magician (Deep Elf Fire Elementalist)    Turns: 4154, Time: 00:11:39

Health: -2/32      AC:  2    Str:  5    XL:     6   Next: 73%
Magic:  11/17      EV: 13    Int: 22    God:
Gold:   185        SH:  0    Dex: 15    Spells: 4/17 levels left

rFire    . . .     SeeInvis .   (no weapon)
rCold    . . .     Gourm    .   (no shield)
rNeg     . . .     Faith    .   a - +0 robe
rPois    .         Spirit   .   (no helmet)
rElec    .         Reflect  .   (no cloak)
rCorr    .         Harm     .   (no gloves)
MR       .....                  (no boots)
Stlth    +++.......             (no amulet)
HPRegen  0.10/turn              (no ring)
MPRegen  0.15/turn              (no ring)

@: no status effects
A: no striking features
a: no special abilities


You were on level 5 of the Dungeon.
You were not hungry.

You visited 2 branches of the dungeon, and saw 6 of its levels.

You collected 185 gold pieces.

Inventory:

Armour
 a - a +0 robe (worn)
Jewellery
 m - an uncursed ring of protection from magic {unknown}
 n - an uncursed ring of protection from magic {unknown}
 q - an uncursed amulet of magic regeneration {unknown}
 v - an uncursed ring of poison resistance {unknown}
Wands
 f - a wand of iceblast (5)
Scrolls
 b - 2 scrolls of immolation {unknown}
 d - 4 scrolls of identify {unknown}
 g - a scroll of enchant weapon {unknown}
 i - 3 scrolls of enchant armour {unknown}
 p - a scroll of amnesia {unknown}
 s - a scroll of teleportation {unknown}
 t - a scroll of remove curse {unknown}
Potions
 e - 2 potions of degeneration {unknown}
 h - a potion of resistance {unknown}
 j - 2 potions of curing {unknown}
 k - 3 potions of haste {unknown}
 l - a potion of lignification {unknown}
 o - a potion of cancellation {unknown}
 r - 2 potions of mutation {unknown}
Comestibles
 c - 8 rations
 u - 2 chunks of flesh


   Skills:
 + Level 3.1 Dodging
 + Level 3.7 Stealth
 + Level 6.1 Spellcasting
 + Level 3.4 Conjurations
 + Level 5.4 Fire Magic


You had 4 spell levels left.
You knew the following spells:

 Your Spells              Type           Power        Failure   Level  Hunger
a - Flame Tongue          Conj/Fire      ####.        1%          1    None
b - Throw Flame           Conj/Fire      ####..       2%          2    None
c - Conjure Flame         Conj/Fire      ####....     4%          3    #......
d - Inner Flame           Hex/Fire       ###.....     9%          3    #......
e - Sticky Flame          Conj/Fire      ####....     14%         4    ###....

Your spell library contained the following spells:

 Spells                   Type           Power        Failure   Level  Hunger
 Magic Dart               Conj           ###.         2%          1    None
 Searing Ray              Conj           ###...       3%          2    None
 Dazzling Spray           Conj/Hex       ##....       14%         3    #......
 Iskenderun's Mystic Bla  Conj           ###.....     22%         4    ###....
 Force Lance              Conj/Tloc      ##......     41%         4    ###....
 Fulminant Prism          Conj/Hex       ##........   41%         4    ###....
 Fireball                 Conj/Fire      ####......   38%         5    #####..


Dungeon Overview and Level Annotations

Branches:
Dungeon (5/15)             Temple (1/1) D:4

Altars:
Ashenzari
Cheibriados
Elyvilon
Gozag
Hepliaklqana
Kikubaaqudgha
Makhleb
Qazlal
Ru
Trog
Wu Jian
Zin
The Shining One

Shops:
D:4 [

Annotations:
D:3 Purgy
D:4 exclusion: orc wizard


Message History

Aim: an orc priest, wielding a +0 morningstar (heavily wounded)
The puff of flame hits the orc priest.
The orc priest is severely wounded.
The orc priest calls down the wrath of Beogh upon you.
Beogh smites you!
Casting: Throw Flame (safe; 2% risk of failure)
Confirm with . or Enter, or press ? or * to list all spells.
Aiming: Throw Flame (safe; 2% risk of failure)
Press: ? - help, Shift-Dir - straight line, f/p - orc priest
Aim: an orc priest, wielding a +0 morningstar (severely wounded)
Okay, then.
The orc barely misses you.
Casting: Throw Flame (safe; 2% risk of failure)
Confirm with . or Enter, or press ? or * to list all spells.
Aiming: Flame Tongue (safe; 1% risk of failure)
Press: ? - help, Shift-Dir - straight line, f/p - orc priest
Aim: an orc priest, wielding a +0 morningstar (severely wounded)
The flame tongue misses the orc priest.
The orc priest hits you with a +0 morningstar!
You die...

#. ######
##..###...(#######
#....o@.((.......#
#....oo..........#
....#................#
#...######.##..####'##
##...######+##+####...##
+.................[....#
#......................#
#...
#......##...###..##....#
#...
#......##...###..##....#


You could see an orc priest and 2 orcs.

Vanquished Creatures
  An ogre (D:4)
  A hound (D:5)
  2 orc wizards
  A centaur skeleton (D:3)
  Terence (D:3)
  2 worker ants (D:4)
  A hound skeleton (D:4)
  7 adders
  A gnoll (D:1)
  An ooze (D:2)
  5 worms
  2 dart slugs
  5 leopard geckos
  5 orcs
  3 ball pythons
  3 giant cockroaches
  8 goblins
  10 hobgoblins
  2 jackals (D:4)
  5 bats
  4 frilled lizards
  A kobold (D:2)
  2 quokka skeletons (D:4)
  4 rats
77 creatures vanquished.

Notes
Turn   | Place    | Note
-------+----------+-------------------------------------------
     0 | D:1      | Meegle the Deep Elf Fire Elementalist began the quest for
                  | the Orb.
     0 | D:1      | Reached XP level 1. HP: 10/10 MP: 6/6
   266 | D:1      | Reached XP level 2. HP: 15/15 MP: 5/8
   598 | D:1      | Reached XP level 3. HP: 19/19 MP: 3/10
   658 | D:1      | Learned a level 2 spell: Throw Flame
   662 | D:1      | Learned a level 3 spell: Conjure Flame
  1421 | D:2      | Found a sacrificial altar of Ru.
  1431 | D:2      | Reached skill level 4 in Spellcasting
  1431 | D:2      | Reached XP level 4. HP: 24/24 MP: 1/12
  1534 | D:2      | Found a glowing golden altar of the Shining One.
  2073 | D:3      | Reached XP level 5. HP: 7/28 MP: 8/14
  2343 | D:3      | Learned a level 3 spell: Inner Flame
  2348 | D:3      | Learned a level 4 spell: Sticky Flame
  2673 | D:3      | Noticed Purgy
  2674 | D:3      | Found a stormy altar of Qazlal.
  2722 | D:3      | Noticed Terence
  2761 | D:3      | Killed Terence
  2912 | D:4      | Reached skill level 5 in Spellcasting
  3114 | D:4      | Found a staircase to the Ecumenical Temple.
  3122 | D:4      | Reached skill level 5 in Fire Magic
  3138 | D:4      | Noticed an ogre
  3156 | D:4      | Killed an ogre
  3156 | D:4      | Reached XP level 6. HP: 32/32 MP: 9/16
  3299 | D:4      | Found Pannael's Armour Shoppe.
  3505 | D:4      | Found an ornate altar of the Wu Jian Council.
  3854 | Temple   | Entered the Ecumenical Temple
  3990 | D:5      | Entered Level 5 of the Dungeon
  4014 | D:5      | Reached skill level 6 in Spellcasting
  4154 | D:5      | Slain by an orc priest

Skill      XL: |  1  2  3  4  5  6 |
---------------+-------------------+-----
Fire Magic     | 4 5 |  5.4
Spellcasting   | 4 5 6 |  6.1
Conjurations   | 2 3 |  3.4
Stealth        | 3 |  3.7
Dodging        | 3 |  3.1

Action                   |  1- 3 |  4- 6 || total
-------------------------+-------+-------++-------
 Cast: Flame Tongue      |    60 |   115 ||   175
       Throw Flame       |       |     9 ||     9
       Conjure Flame     |       |     1 ||     1
  Eat: Chunk             |     1 |     9 ||    10
Armor: Robe              |       |     3 ||     3
Dodge: Dodged            |    12 |    20 ||    32
